 Dungeon Crawl Stone Soup version 0.30.0-10-gfe55d96785 (webtiles) character file.

Game seed: 8499317386862816764

99 Twinkles the Chopper (level 4, -3/41 HPs)
             Began as a Hill Orc Fighter on May 15, 2023.
             Slain by a gnoll
             ... wielding a +0 halberd
              (12 damage)
             ... on level 3 of the Dungeon.
             The game lasted 00:02:35 (1373 turns).

Twinkles the Chopper (Hill Orc Fighter)             Turns: 1373, Time: 00:02:36

Health: -3/41      AC:  8    Str: 20    XL:     4   Next: 72%
Magic:  4/4        EV:  9    Int:  8    God:
Gold:   78         SH:  4    Dex: 10    Spells: 3/3 levels left

rFire   . . .        a - +0 war axe
rCold   . . .        c - +0 buckler
rNeg    . . .        b - +0 scale mail
rPois   .            (no helmet)
rElec   .            p - +0 cloak
rCorr   .            (no gloves)
SInv    .            (no boots)
Will    .....        (no amulet) Stlth
                     (no ring)
HPRegen 0.26/turn    (no ring)
MPRegen 0.09/turn

%: no passive effects
@: no status effects
A: no striking features
a: no special abilities


You were on level 3 of the Dungeon.
You visited 1 branch of the dungeon, and saw 3 of its levels.

You collected 78 gold pieces.

Inventory:

Hand Weapons
 a - a +0 war axe (weapon)
Missiles
 l - 7 poisoned darts (quivered)
Armour
 b - a +0 scale mail (worn)
 c - a +0 buckler (worn)
 p - a +0 cloak (worn)
Jewellery
 q - a ring of willpower
Scrolls
 d - a scroll of immolation {unknown}
 e - 2 scrolls of noise {unknown}
 f - a scroll of vulnerability {unknown}
 h - 2 scrolls of identify {unknown}
 i - a scroll of summoning {unknown}
 k - 2 scrolls of fog {unknown}
 m - a scroll of amnesia {unknown}
 o - a scroll of poison {unknown}
 r - 2 scrolls of enchant weapon {unknown}
 t - a scroll of silence {unknown}
Potions
 g - 2 potions of invisibility {unknown}
 j - a potion of haste {unknown}
 n - 2 potions of curing {unknown}
 s - a potion of berserk rage {unknown}
 u - 2 potions of lignification {unknown}
 M - a potion of might


   Skills:
 + Level 4.4 Fighting
 * Level 4.9 Axes
 + Level 4.0 Armour
 - Level 3.2 Shields


You had 3 spell levels left.
You didn't know any spells.
Your spell library contained the following spells:

 Spells                   Type           Power      Damage    Failure   Level
 Beastly Appendage        Tmut           0%         N/A       83%         1
 Wereblood                Tmut           0%         N/A       92%         2
 Spider Form              Tmut/Pois      0%         N/A       99%         3


Dungeon Overview and Level Annotations

Branches:
Dungeon (3/15) Zot: 16578

Altars:

Shops:
D:1 [


Message History

You hit the goblin.
You kill the goblin!
You block the gnoll's attack.
The gnoll hits you from afar with a +0 halberd.
You barely miss the gnoll.
The gnoll is moderately wounded.
The gnoll barely misses you. x2; The gnoll hits you but does no damage. x2
You hit the gnoll.
The gnoll is severely wounded.
The gnoll hits you but does no damage. The gnoll barely misses you.
You closely miss the gnoll.
The gnoll is severely wounded.
The gnoll barely misses you.
The gnoll hits you from afar with a +0 halberd.
The gnoll barely misses you. The gnoll hits you with a +0 halberd.
The gnoll hits you but does no damage. The gnoll closely misses you.
Things that are here:
a +0 dagger; a scroll labelled DYTZASKINYX The gnoll barely misses you.
You block the gnoll's attack.
You closely miss the gnoll.
The gnoll is severely wounded.
You closely miss the gnoll. The gnoll closely misses you. x2
The gnoll hits you with a +0 whip. The gnoll hits you with a +0 halberd.
You hit the gnoll but do no damage.
The gnoll is severely wounded.
You hit the gnoll but do no damage. The gnoll hits you with a +0 whip.
The gnoll hits you with a +0 halberd!
* * * LOW HITPOINT WARNING * * *
You slash the gnoll!
You kill the gnoll!
You hit the gnoll but do no damage. The gnoll barely misses you.
You slash the gnoll!
The gnoll is heavily wounded.
The gnoll closely misses you.
A ball python comes into view.
The ball python hisses angrily.
You hit the gnoll.
The gnoll is severely wounded.
You block the gnoll's attack. The gnoll hits you with a +0 halberd!
You die...

## .... ....##########..
.............#....
...................
.....?.......#.....
.............S.....
......g))..........
.......@).........#
................#######.
....<......)........[...
..........$.....>.......
.)...........#..........
#...)........#.........#
#..##...###.............
.......................#
...#.#####.......###.


You could see a gnoll and a ball python.

Vanquished Creatures
  4 adders
  2 gnolls (D:3)
  A dart slug (D:2)
  4 ball pythons (D:2)
  3 endoplasms
  3 giant cockroaches
  7 goblins
  2 hobgoblins
  5 kobolds
  2 quokkas (D:2)
  4 bats
  4 frilled lizards
  4 rats
45 creatures vanquished.

Notes
Turn   | Place    | Note
-------+----------+-------------------------------------------
     0 | D:1      | Twinkles the Hill Orc Fighter began the quest for the Orb.
     0 | D:1      | Reached XP level 1. HP: 19/19 MP: 1/1
   135 | D:1      | Reached XP level 2. HP: 27/27 MP: 2/2
   272 | D:1      | Found Zipabruyl's Antique Armour Emporium.
   498 | D:2      | HP: 9/27 [poisoned by an adder]
   501 | D:2      | Reached XP level 3. HP: 9/33 MP: 3/3
  1054 | D:2      | Reached XP level 4. HP: 40/40 MP: 4/4
  1315 | D:3      | Found a faded altar of an unknown god.
  1370 | D:3      | HP: 8/41 [gnoll/+0 halberd (13)]
  1373 | D:3      | Slain by a gnoll

Illustrated notes

Levels and vault maps discovered:
D:1:      heliophobic_arrival_henge, layout_rooms, serial_shops,
          nicolae_shop_statue_plus
D:2:      layout_basic, minmay_pentomino_pile
D:3:      layout_rooms, mainiacjoe_overflow_surrounded_room,
          nicolae_vehumet_radiance, nicolae_ecumenical_pavilion

Skill      XL: |  1  2  3  4 |
---------------+-------------+-----
Axes           | 3 4 |  4.9
Fighting       | 4 |  4.4
Armour         | 4 |  4.0
Shields        | |  3.2

Action                     |  1- 3 |  4- 6 || total
---------------------------+-------+-------++-------
  Melee: War axe           |   110 |    27 ||   137
 Armour: Scale mail        |    80 |    20 ||   100
  Dodge: Dodged            |    76 |    20 ||    96
  Block: Buckler           |    38 |     6 ||    44
